 Dungeon Crawl Stone Soup version 0.20-b1 (webtiles) character file.

50420 grindst0ne the Severer (level 14, -20/121 HPs)
             Began as a Hill Orc Fighter on May 16, 2017.
             Was the Champion of Makhleb.
             Demolished by a dire elephant (21 damage)
             ... on level 6 of the Lair of Beasts on May 19, 2017.
             The game lasted 01:34:11 (21561 turns).

grindst0ne the Severer (Hill Orc Fighter)          Turns: 21561, Time: 01:34:12

Health: -20/121    AC: 21    Str: 20    XL:     14   Next: 55%
Magic:  19/19      EV: 14    Int:  8    God:    Makhleb [******]
Gold:   385        SH:  7    Dex: 16    Spells: 13/13 levels left

rFire    + . .     SeeInvis .   W - +6 demon trident
rCold    . . .     Gourm    .   p - +0 buckler
rNeg     . . .     Faith    .   l - +3 chain mail
rPois    .         Spirit   .   R - +1 hat
rElec    .         Reflect  .   (no cloak)
rCorr    .         Harm     .   y - +2 pair of gloves
MR       ++...                  G - +1 pair of boots
Stlth    ..........             T - amulet of rage
Regen    0.3/turn               S - ring of protection from magic
MPRegen  0.2/turn               t - ring of flight

@: hasted and slowed
A: horns 1, thin skeletal structure 1, fire resistance 1, wild magic 1
a: Minor Destruction, Lesser Servant of Makhleb, Major Destruction, Greater
Servant of Makhleb, Renounce Religion, Evoke Berserk Rage, Evoke Flight


You were on level 6 of the Lair of Beasts.
You worshipped Makhleb.
Makhleb was exalted by your worship.
You were hungry.

You visited 2 branches of the dungeon, and saw 17 of its levels.
You also visited: Volcano.

You collected 1053 gold pieces.
You spent 668 gold pieces at shops.

Inventory:

Hand Weapons
 W - a +6 demon trident (weapon)
Missiles
 o - 6 tomahawks
 E - 2 javelins (quivered)
Armour
 l - a +3 chain mail (worn)
 n - a +0 scale mail of fire resistance
 p - a +0 buckler (worn)
 y - a +2 pair of gloves (worn)
 G - a +1 pair of boots (worn)
 R - a +1 hat (worn)
Jewellery
 t - a ring of flight (right hand)
 z - a +3 amulet of reflection
 S - a ring of protection from magic (left hand)
 T - an amulet of rage (around neck)
 U - an uncursed ring of positive energy
Wands
 b - a wand of polymorph (5/24)
 j - a wand of flame (1/48)
 v - a wand of iceblast (11/15)
 C - a wand of paralysis (9/24)
 I - a wand of confusion (21/48)
 O - a wand of digging (8/24)
 Q - a wand of polymorph (6/24)
 V - a wand of digging (16/24)
Scrolls
 i - a scroll of enchant weapon
 s - 2 scrolls of fog
 x - 5 scrolls of magic mapping
 D - 3 scrolls of fear
 J - a scroll of random uselessness {unknown}
 L - 8 scrolls of identify
 N - a scroll of enchant armour
 P - 2 scrolls of teleportation
Potions
 a - 4 potions of lignification
 e - 9 potions of curing
 m - 4 potions of resistance
 r - 2 potions of magic
 u - a potion of haste
 w - a potion of brilliance {unknown}
 H - a potion of invisibility
 K - 2 potions of flight
 M - 2 potions of ambrosia {unknown}
 X - a potion of might
 Y - a potion of degeneration {unknown}
Miscellaneous
 d - a phantom mirror
 g - a box of beasts
 F - a crystal ball of energy
Comestibles
 f - 9 bread rations
 h - 11 royal jellies
 k - 4 meat rations
 q - 14 fruits
 B - 5 chunks of flesh


   Skills:
 - Level 10.0 Fighting
   Level 15.7 Axes
 - Level 7.0 Throwing
 - Level 10.8 Armour
 + Level 10.3 Dodging
 * Level 9.7 Shields
 - Level 7.6 Evocations


You had 13 spell levels left.
You didn't know any spells.

Dungeon Overview and Level Annotations

Branches:
Dungeon (11/15)            Temple (0/1) D:5            Lair (6/6) D:10
  Swamp (0/4) Lair:3        Snake (0/4) Lair:3        Slime (0/5) Lair:5
    Orc (0/2) D:11

Altars:
Ashenzari
Elyvilon
Fedhas
Makhleb
Nemelex Xobeh
Qazlal
Yredelemnul
Zin
Beogh
Jiyva

Shops:
D:4 (   D:5 =   D:7 *

Annotations:
Lair:3 exclusion: 4 oklob plants


Innate Abilities, Weirdness & Mutations

You have a pair of small horns on your head.
You have a somewhat thin skeletal structure. (Dex +2, Stealth)
Your flesh is heat resistant. (rF+)
Your spells are a little harder to cast, but a little more powerful.


Message History

There is a large open door here.
You feel a strong urge to attack something.
You are no longer berserk.
You are exhausted.
You feel yourself slow down.
A dire elephant comes into view.
The dire elephant trumpets!
You feel much better.
The dire elephant tramples you but does no damage.
The dire elephant trunk-slaps you but does no damage.
You block the dire elephant's attack. x2; The dire elephant tramples you!!
* * * LOW HITPOINT WARNING * * *
You stumble backwards!
The dire elephant tramples you!!
* * * LOW HITPOINT WARNING * * *
You stumble backwards!
Found a runed scimitar.
Okay, then.
Okay, then.
You feel yourself speed up. The dire elephant tramples you!!
You die...

#.## ##.## ♣ #....
♣) #...P #♣8 #....
##.♣ #.... #..#
#.... ##..## #....
#.@..##### #....
#.YY##...+ #♣....
##...'..### #..###
##...#8...# #♣..#.#
#.P.#####.# ♣.....P
###(.'..#.##♣......
##.'..#..##......
#.#..##.##......
###..†#.###...#.


You could see 2 dire elephants.

Vanquished Creatures
  A dire elephant (Lair:6)
  6 hydras
  Erica (D:8)
  An anaconda (Lair:6)
  2 two-headed ogres (D:11)
  A catoblepas (Lair:4)
  3 death yaks (D:10)
  Urug (Lair:3)
  The ghost of Ijustatesigmund the Knight, a novice DrCj of Okawaru (D:8)
  A fire crab (Lair:5)
  Pikel (D:7)
  An orc knight (D:11)
  3 salamanders (Volcano)
  Maurice (D:8)
  A manticore (D:11)
  The ghost of Ratty the Shooter, a novice MiHu of the Shining One (D:5)
  6 elephants
  4 black mambas
  9 spiny frogs
  2 rime drakes
  A centaur skeleton (D:10)
  10 komodo dragons
  A tengu conjurer (D:11)
  A polar bear (Lair:5)
  Prince Ribbit (D:6)
  5 hippogriffs
  3 hornets
  17 blink frogs
  2 wyverns
  3 basilisks
  75 yaks
  Grum (D:8)
  A human (D:7)
  3 hogs (D:7)
  A hungry ghost (D:7)
  8 nagas (Lair:3)
  Menkaure (D:7)
  An acid dragon (D:11)
  7 water moccasins
  2 hell hounds (Lair:5)
  3 orc warriors
  6 porcupines
  An eye of draining (D:10)
  2 black bears
  4 ice beasts
  5 wolves
  A phantom (D:9)
  5 ogres
  5 centaurs
  15 crocodiles
  13 bullfrogs
  2 scorpions
  4 electric eels
  A howler monkey (D:11)
  6 crimson imps
  A centaur zombie (D:8)
  A bullfrog zombie (D:8)
  5 hounds
  3 jellies
  3 orc priests
  A bullfrog skeleton (D:10)
  A gnoll shaman (D:10)
  3 iguanas
  6 orc wizards
  11 worker ants
  A killer bee zombie (D:6)
  A howler monkey zombie (D:8)
  A worker ant zombie (D:6)
  9 adders
  15 gnolls
  A howler monkey skeleton (D:8)
  3 shadow imps
  2 adder zombies
  4 worms
  3 dart slugs
  3 leopard geckos
  43 orcs
  4 bats
  3 giant cockroaches (D:1)
  5 goblins
  10 hobgoblins
  7 jackals
  7 kobolds
  6 quokkas
  3 frilled lizards
  A jackal skeleton (D:2)
  8 rats
  A fungus (Lair:2)
  3 plants
443 creatures vanquished.

Vanquished Creatures (collateral kills)
  A two-headed ogre (D:8)
1 creature vanquished.

Vanquished Creatures (others)
  A bullfrog (D:7)
  A scorpion (D:7)
  A shadow imp (D:7)
  6 fungi
  4 plants
13 creatures vanquished.

Grand Total: 457 creatures vanquished

Notes
Turn   | Place    | Note
-------+----------+-------------------------------------------
     0 | D:1      | grindst0ne the Hill Orc Fighter began the quest for the Orb.
     0 | D:1      | Reached XP level 1. HP: 19/19 MP: 1/1
   180 | D:1      | Reached XP level 2. HP: 27/27 MP: 2/2
   273 | D:1      | Reached skill level 3 in Axes
   602 | D:1      | Reached XP level 3. HP: 33/34 MP: 3/3
   816 | D:2      | Found a burning altar of Makhleb.
   822 | D:2      | Became a worshipper of Makhleb the Destroyer
  1011 | D:2      | Found a white marble altar of Elyvilon.
  1012 | D:2      | Upgraded the game from 0.20-a0-1124-g2e29d97 to 0.20-a0-1126-g0f15420
  1095 | D:2      | Found a basalt altar of Yredelemnul.
  1170 | D:2      | Reached skill level 5 in Fighting
  1170 | D:2      | Reached XP level 4. HP: 39/42 MP: 4/4
  1717 | D:2      | Reached XP level 5. HP: 48/48 MP: 5/5
  2041 | D:3      | Reached skill level 4 in Axes
  2147 | D:3      | Reached * piety under Makhleb
  2582 | D:3      | Reached XP level 6. HP: 15/57 MP: 6/6
  2900 | D:3      | Found a stormy altar of Qazlal.
  2901 | D:3      | Noticed an orc warrior
  2939 | D:3      | Killed an orc warrior
  2939 | D:3      | Reached skill level 5 in Axes
  2939 | D:3      | Reached skill level 5 in Armour
  3428 | D:4      | Found a glowing silver altar of Zin.
  3454 | D:4      | Reached XP level 7. HP: 64/64 MP: 7/7
  3458 | D:4      | Found a sparkling altar of Nemelex Xobeh.
  3488 | D:4      | Found a shattered altar of Ashenzari.
  3521 | D:4      | Reached ** piety under Makhleb
  3845 | D:4      | Found Iduklyjai's Weapon Boutique.
  3867 | D:4      | Upgraded the game from 0.20-a0-1126-g0f15420 to 0.20-b1
  3916 | D:5      | Entered Level 5 of the Dungeon
  3929 | D:5      | Noticed Ratty's ghost (novice MiHu)
  3950 | D:5      | Killed Ratty's ghost
  3950 | D:5      | Reached skill level 6 in Axes
  3950 | D:5      | Reached XP level 8. HP: 22/74 MP: 8/8
  4279 | D:5      | Found Xiqol's Jewellery Boutique.
  4408 | D:5      | Found a staircase to the Ecumenical Temple.
  4633 | D:5      | Bought a +3 amulet of reflection for 188 gold pieces
  4682 | D:6      | Noticed Prince Ribbit
  4707 | D:6      | Killed Prince Ribbit
  4707 | D:6      | Reached skill level 7 in Axes
  4914 | D:6      | Identified the Guide on Transformation and the Rocks
  4939 | D:6      | Reached skill level 8 in Axes
  5373 | D:7      | Noticed Pikel
  5391 | D:7      | Killed Pikel
  5391 | D:7      | Reached skill level 9 in Axes
  5391 | D:7      | Reached XP level 9. HP: 83/83 MP: 9/9
  5433 | D:7      | Noticed Menkaure
  5452 | D:7      | Killed Menkaure
  5452 | D:7      | Reached skill level 10 in Axes
  5693 | D:7      | Found Xoanush's Assorted Antiques.
  6074 | D:7      | Reached skill level 11 in Axes
  6104 | D:7      | Gained mutation: You expend magic power (3 MP) to strengthen your wands. [potion of mutation]
  6104 | D:7      | Gained mutation: You are robust. (+10% HP) [potion of mutation]
  6104 | D:7      | Gained mutation: You have an increased reservoir of magic. (+10% MP) [potion of mutation]
  6104 | D:7      | Gained mutation: Your system is resistant to poisons. (rPois) [potion of mutation]
  6105 | D:7      | Lost mutation: Your system is resistant to poisons. (rPois) [potion of mutation]
  6105 | D:7      | Lost mutation: You are robust. (+10% HP) [potion of mutation]
  6105 | D:7      | Lost mutation: You expend magic power (3 MP) to strengthen your wands. [potion of mutation]
  6105 | D:7      | Gained mutation: Your spells are a little harder to cast, but a little more powerful. [potion of mutation]
  6105 | D:7      | Gained mutation: You have a somewhat thin skeletal structure. (Dex +2, Stealth) [potion of mutation]
  6196 | D:7      | Reached skill level 10 in Fighting
  6295 | D:8      | Reached XP level 10. HP: 93/93 MP: 11/11
  6370 | D:8      | Noticed Erica
  6373 | D:8      | Noticed Grum
  6388 | D:8      | Killed Erica
  6388 | D:8      | Reached skill level 12 in Axes
  6388 | D:8      | Reached skill level 1 in Dodging
  6425 | D:8      | Killed Grum
  6665 | D:8      | Noticed Ijustatesigmund's ghost (novice DrCj)
  6704 | D:8      | Killed Ijustatesigmund's ghost
  6704 | D:8      | Reached *** piety under Makhleb
  6704 | D:8      | Reached skill level 13 in Axes
  6806 | D:8      | Paralysed by a hornet for 3 turns
  6844 | D:8      | Noticed Maurice
  7141 | D:8      | Found an ornate altar of the Wu Jian Council.
  7435 | D:8      | Noticed a two-headed ogre
  7445 | D:8      | Killed a two-headed ogre
  7670 | D:8      | Got an iridescent shortbow
  7671 | D:8      | Identified the +2 shortbow of Funuocaa {flame, MR+ Str+4} (You found it on level 8 of the Dungeon)
  7881 | D:8      | Killed Maurice
  7881 | D:8      | Reached XP level 11. HP: 99/99 MP: 12/12
  8301 | D:9      | Reached skill level 14 in Axes
  8417 | D:9      | Reached skill level 10 in Armour
  8751 | D:9      | Reached **** piety under Makhleb
  8938 | D:10     | Entered Level 10 of the Dungeon
  9103 | D:10     | Noticed a death yak
  9103 | D:10     | Noticed a death yak
  9106 | D:10     | Noticed a death yak
  9111 | D:10     | Killed a death yak
  9111 | D:10     | Reached skill level 15 in Axes
  9112 | D:10     | Found a staircase to the Lair.
  9124 | D:10     | Killed a death yak
  9124 | D:10     | Reached skill level 5 in Dodging
  9128 | D:10     | Killed a death yak
  9464 | D:10     | Got a translucent mace
  9465 | D:10     | Identified the +2 mace of Kaisopt {holy, Dex+3} (You found it on level 10 of the Dungeon)
  9672 | D:10     | Reached skill level 1 in Evocations
  9938 | Lair:1   | Entered Level 1 of the Lair of Beasts
 10227 | Lair:1   | Reached XP level 12. HP: 106/106 MP: 14/14
 10373 | Lair:1   | Noticed a seven-headed hydra
 10521 | D:11     | Reached ***** piety under Makhleb
 10591 | D:11     | Noticed a four-headed hydra
 10608 | D:11     | Killed a six-headed hydra
 10975 | D:11     | Reached skill level 5 in Evocations
 11694 | D:11     | Found a roughly hewn altar of Beogh.
 11694 | D:11     | Found a staircase to the Orcish Mines.
 11773 | D:11     | Noticed a two-headed ogre
 11780 | D:11     | Killed a two-headed ogre
 12147 | D:11     | Noticed a two-headed ogre
 12152 | D:11     | Killed a two-headed ogre
 12540 | Lair:1   | Reached skill level 1 in Throwing
 12556 | Lair:1   | Killed an eight-headed hydra
 13018 | Lair:2   | Reached XP level 13. HP: 110/113 MP: 20/20
 13112 | Lair:2   | Lost mutation: Your spells are a little harder to cast, but a little more powerful. [potion of mutation]
 13112 | Lair:2   | Lost mutation: You have an increased reservoir of magic. (+10% MP) [potion of mutation]
 13112 | Lair:2   | Gained mutation: Your flesh is heat resistant. (rF+) [potion of mutation]
 13112 | Lair:2   | Gained mutation: Your spells are a little harder to cast, but a little more powerful. [potion of mutation]
 13112 | Lair:2   | Gained mutation: You have a pair of small horns on your head. [potion of mutation]
 13918 | D:5      | Bought an uncursed amulet of rage for 480 gold pieces
 14107 | Lair:3   | Noticed Urug
 14113 | Lair:3   | Killed Urug
 14238 | Lair:3   | Reached skill level 5 in Throwing
 14278 | Lair:3   | Found a staircase to the Snake Pit.
 14742 | Lair:3   | Found a staircase to the Swamp.
 15035 | Lair:3   | HP: 3/113 [acid (11)]
 16130 | Lair:4   | Paralysed by a hornet for 3 turns
 16137 | Lair:4   | Paralysed by a hornet for 2 turns
 16916 | Lair:3   | Reached skill level 5 in Shields
 17051 | Lair:4   | Got a translucent dagger
 17052 | Lair:4   | Identified the +4 dagger of the Salmon {speed, rPois rC+} (You found it on level 4 of the Lair of Beasts)
 18272 | Lair:5   | Found a staircase to the Slime Pits.
 18329 | Lair:5   | Found a dark tunnel.
 18337 | Volcano  | Entered a volcano
 18814 | Lair:5   | Reached XP level 14. HP: 110/121 MP: 19/19
 18919 | Lair:5   | Reached ****** piety under Makhleb
 19829 | Lair:5   | Found a viscous altar of Jiyva.
 19956 | Lair:6   | Entered Level 6 of the Lair of Beasts
 20250 | Lair:6   | Reached skill level 10 in Dodging
 20367 | Lair:6   | Found a blossoming altar of Fedhas.
 21534 | Lair:6   | Noticed a dire elephant
 21534 | Lair:6   | Noticed a dire elephant
 21553 | Lair:6   | Killed a dire elephant
 21558 | Lair:6   | Noticed a dire elephant
 21560 | Lair:6   | HP: 1/121 [dire elephant (19)]
 21561 | Lair:6   | Demolished by a dire elephant

Skill      XL: |  1  2  3  4  5  6  7  8  9 10 11 12 13 14 |
---------------+-------------------------------------------+-----
Fighting       | 4 5 6 7 9 10 | 10.0
Axes           | 3 4 5 6 9 11 13 15 | 15.7
Armour         | 4 5 6 7 8 9 10 | 10.8
Dodging        | 3 5 7 9 10 | 10.3
Evocations     | 2 7 |  7.6
Throwing       | 2 7 |  7.0
Shields        | 6 9 |  9.7

Action                   |  1- 3 |  4- 6 |  7- 9 | 10-12 | 13-15 || total
-------------------------+-------+-------+-------+-------+-------++-------
Melee: War axe           |    96 |   118 |       |       |       ||   214
       Dagger            |       |    34 |       |       |       ||    34
       Battleaxe         |       |    42 |   188 |   547 |    66 ||   843
       Demon trident     |       |       |       |       |   678 ||   678
       Headbutt          |       |       |       |       |   192 ||   192
Throw: Javelin           |       |       |       |       |     3 ||     3
       Tomahawk          |       |       |       |       |     1 ||     1
Invok: Lesser Servant of |       |       |       |     1 |     2 ||     3
 Abil: Evoke Berserk Rag |       |       |       |       |     2 ||     2
Evoke: Wand              |       |       |       |    19 |    27 ||    46
  Use: Scroll            |     1 |     5 |     6 |     8 |     9 ||    29
       Potion            |     3 |     3 |     2 |     1 |     9 ||    18
  Eat: Chunk             |     1 |     8 |     7 |    13 |    20 ||    49
       Bread ration      |       |       |     2 |     1 |     2 ||     5
Armor: Scale mail        |    64 |    41 |       |       |     3 ||   108
       Plate armour      |       |    71 |   168 |   386 |    95 ||   720
       Chain mail        |       |       |       |       |   301 ||   301
Dodge: Dodged            |    30 |    54 |    66 |   246 |   467 ||   863
Block: Shield            |    50 |    70 |       |       |       ||   120
       Other             |       |       |    12 |    54 |     8 ||    74
       Reflection        |       |       |       |     3 |       ||     3
       Buckler           |       |       |       |       |   185 ||   185
